Cogmind - Beta 15 @@@ ROGUE MODE // 2025.09.18 @ 12:58:33 Player: Petvaria Result: Destroyed by P-80 Master with Gamma Rifle Performance ------------- Evolutions (8) 4000 Regions Visited (28) 5600 Robots Destroyed (96) 480 Value Destroyed (2250) 2250 Prototype IDs (27) 540 Alien Tech Used (2) 400 Bonus (2049) 2049 TOTAL SCORE: 15319 Bonus ------- Registered with UFD 300 Met Data Miner 300 Met Zhirov 300 Met Warlord at Base 500 MAIN.C Attacked Warlord 500 Scanned by Researcher 500 Friendly Fire -351 Cogmind --------- Core Integrity 0/1450 Matter 300/300 Energy 100/100 System Corruption 43% Temperature Cool (0) Movement Core (50) Location -2/Testing Parts ------- > --- POWER (1) -------- (None) > --- PROPULSION (8) --- (None) > --- UTILITY (11) ----- Hacking Suite Hacking Suite Makeshift Hacking Suite > --- WEAPON (4) ------- (None) > --- INVENTORY (5) ---- Quantum Reactor Advanced Power Amplifier Long-range Sensor Array Subatomic Replicator Companion Sword Peak State ------------ > --- POWER ------------ Fusion Reactor > --- PROPULSION ------- Improved Flight Unit Improved Flight Unit Improved VTOL Module Xenon Bombardment Thruster Q-thruster Q-thruster Cooled Impulse Thruster > --- UTILITY ---------- Medium Storage Unit Advanced Sensor Array Improved Signal Interpreter Core Analyzer Hacking Suite Hacking Suite Hacking Suite Hacking Suite Makeshift Hacking Suite Improved Hacking Suite System Mapper > --- WEAPON ----------- Companion Sword > --- INVENTORY -------- Light Fission Core Improved Flight Unit Xenon Bombardment Thruster Field Propulsion Array Cooled Impulse Thruster Advanced Power Amplifier Long-range Terrain Scanner Hacking Suite Subatomic Replicator [Rating: 101] Favorites ----------- Power Ion Engine Engine Ion Engine Power Core Light Fission Core Reactor Fusion Reactor Propulsion Light Treads Treads Light Treads Leg Aluminum Leg Wheel Compact Wheel Flight Unit Xenon Bombardment Thruster Utility Hacking Suite Device Advanced Sensor Array Storage Large Storage Unit Processor Improved Signal Interpreter Hackware Hacking Suite Protection Hardened Light Armor Plating Weapon Autogun Energy Gun Medium Laser Ballistic Gun Autogun Special Weapon CPS Tube Slashing Weapon Companion Sword Special Melee Weapon Improved Datajack Build | -11 -10 -10 -9 -8 -8 -8 -8 -6 -6 -6 -6 -6 -6 -5 -5 -5 -5 -5 -4 -4 -4 -4 -4 -3 -3 -3 -2 -2 ------- Run | Yrd Mat Min Mat Mat Sto Rec Scr Fac Was Fac Low Low Dat Pro Fac Upp Upp War Pro Fac Upp Upp Zhi Pro Res Qua Res Tes Slots Evolved 16 | . . . 2 2 . . . 4 . . . . . . 2 . . . . 2 . . . . 2 . 2 . Power . | . . . . . . . . . . . . . . . . . . . . . . . . . . . . . Propulsion 5 | . . . 1 1 . . . 1 . . . . . . . . . . . . . . . . 1 . 1 . Utility 9 | . . . 1 1 . . . 3 . . . . . . . . . . . 2 . . . . 1 . 1 . Weapon 2 | . . . . . . . . . . . . . . . 2 . . . . . . . . . . . . . Parts Attached 94 | 6 4 . 24 27 1 . 3 2 . 4 . . . 2 . . 3 4 . 2 . . 1 . 2 3 3 3 Power 15 | 1 . . 3 3 1 . 1 . . 2 . . . . . . 2 . . . . . 1 . . . . 1 Engine 8 | 1 . . 3 2 1 . . . . 1 . . . . . . . . . . . . . . . . . . Core 5 | . . . . 1 . . 1 . . 1 . . . . . . 2 . . . . . . . . . . . Reactor 2 | . . . . . . . . . . . . . . . . . . . . . . . 1 . . . . 1 Propulsion 42 | 2 1 . 13 14 . . . 1 . . . . . 1 . . 1 2 . . . . . . 1 3 1 2 Treads 22 | 2 . . 11 9 . . . . . . . . . . . . . . . . . . . . . . . . Leg 1 | . 1 . . . . . . . . . . . . . . . . . . . . . . . . . . . Wheel 1 | . . . 1 . . . . . . . . . . . . . . . . . . . . . . . . . Hover . | . . . . . . . . . . . . . . . . . . . . . . . . . . . . . Flight 18 | . . . 1 5 . . . 1 . . . . . 1 . . 1 2 . . . . . . 1 3 1 2 Utility 22 | 1 1 . 2 8 . . . 1 . 2 . . . 1 . . . 1 . 2 . . . . 1 . 2 . Device 2 | . . . . . . . . . . 1 . . . . . . . . . . . . . . . . 1 . Storage 4 | 1 1 . . 2 . . . . . . . . . . . . . . . . . . . . . . . . Processor 2 | . . . . . . . . . . 1 . . . . . . . . . . . . . . . . 1 . Hackware 9 | . . . . 3 . . . 1 . . . . . 1 . . . 1 . 2 . . . . 1 . . . Protection 5 | . . . 2 3 . . . . . . . . . . . . . . . . . . . . . . . . Artifact . | . . . . . . . . . . . . . . . . . . . . . . . . . . . . . Weapon 15 | 2 2 . 6 2 . . 2 . . . . . . . . . . 1 . . . . . . . . . . Energy Gun 2 | 2 . . . . . . . . . . . . . . . . . . . . . . . . . . . . Energy Cannon . | . . . . . . . . . . . . . . . . . . . . . . . . . . . . . Ballistic Gun 8 | . 2 . 6 . . . . . . . . . . . . . . . . . . . . . . . . . Ballistic Cannon . | . . . . . . . . . . . . . . . . . . . . . . . . . . . . . Launcher . | . . . . . . . . . . . . . . . . . . . . . . . . . . . . . Special Weapon 1 | . . . . . . . . . . . . . . . . . . 1 . . . . . . . . . . Impact Weapon . | . . . . . . . . . . . . . . . . . . . . . . . . . . . . . Slashing Weapon 2 | . . . . 1 . . 1 . . . . . . . . . . . . . . . . . . . . . Piercing Weapon . | . . . . . . . . . . . . . . . . . . . . . . . . . . . . . Special Melee Weapon 2 | . . . . 1 . . 1 . . . . . . . . . . . . . . . . . . . . . Unidentified Prototypes 11 | . . . 2 1 1 . 1 . . . . . . 1 . . . 2 . . . . 2 . . . 1 . Corrupted Parts 1 | . . . . . . . . . . . . . . . . . . . . . . . . . . . . 1 System Corruption 5 | . . . . . . . . . . . . . . . . . . . . . . . . . . . . 5 Parts Lost 25 | . . . 4 1 1 . . . . . . . . . . . . . . . . . . . 1 . 7 11 Power 2 | . . . 1 . . . . . . . . . . . . . . . . . . . . . . . 1 . Propulsion 12 | . . . 1 . . . . . . . . . . . . . . . . . . . . . 1 . 5 5 Utility 7 | . . . . . . . . . . . . . . . . . . . . . . . . . . . 1 6 Weapon 4 | . . . 2 1 1 . . . . . . . . . . . . . . . . . . . . . . . Highest Loss Streak 6 | . . . 1 1 1 . . . . . . . . . . . . . . . . . . . 1 . 4 6 To Critical Strikes . | . . . . . . . . . . . . . . . . . . . . . . . . . . . . . Average Backups 12 | 3 12 15 14 14 10 10 10 9 10 10 10 10 10 10 10 10 9 9 9 8 9 9 9 10 9 9 7 6 Power . | . 1 1 . . . . . . 1 1 1 1 1 1 1 1 . 1 1 1 1 1 1 1 1 1 . . Propulsion 4 | 1 3 2 4 7 6 6 5 4 5 5 5 5 5 4 4 4 4 4 4 4 4 4 4 4 4 3 3 1 Utility 3 | . 1 3 3 5 4 4 4 3 3 3 3 3 3 3 4 4 4 4 4 3 4 4 4 5 4 3 2 3 Weapon 2 | . 6 8 4 1 . . . . . . . . . . . . . . . . . . . . . . . . Tool/Special . | . . . . . . . . . . . . . . . . . . . . . . . . . . . . . Unused Backups 26 | . 3 . 10 4 . . . 1 . . . . . . . . 1 . . . . . . . . 1 1 5 Power 2 | . . . 1 . . . . . . . . . . . . . 1 . . . . . . . . . . . Propulsion 3 | . 2 . . 1 . . . . . . . . . . . . . . . . . . . . . . . . Utility 9 | . . . 1 1 . . . 1 . . . . . . . . . . . . . . . . . 1 1 4 Weapon 11 | . 1 . 8 2 . . . . . . . . . . . . . . . . . . . . . . . . Tool/Special 1 | . . . . . . . . . . . . . . . . . . . . . . . . . . . . 1 Average Slot Usage (%) 88 | . 84 85 91 98 96 90 97 83 86 83 93 93 93 92 83 83 82 82 83 84 85 85 84 85 81 82 76 52 Engine 6 | . 14 14 9 6 9 9 6 . . 2 6 6 6 6 5 5 3 . . . . . . . . . . . Core 1 | . . . . 2 . . 2 6 6 4 . . . . . . 1 5 5 5 5 5 4 . . . 1 . Treads 16 | . 27 28 31 32 . . . . . . . . . . . . . . . . . . . . . . . . Flight 14 | . . . . 2 36 36 36 31 33 33 33 33 33 36 33 33 33 32 33 30 30 30 30 30 27 28 23 11 Device 1 | . . . . . . . . . . 2 6 6 6 6 5 5 5 5 5 5 5 5 4 5 4 4 2 . Storage 8 | . 14 14 11 9 9 9 9 6 6 6 6 6 6 6 5 5 5 5 5 5 5 5 5 5 4 4 4 3 Processor 1 | . . . . . . . . . . . 6 6 6 6 5 5 5 5 5 5 5 5 5 5 4 4 8 7 Hackware 13 | . . . . 13 27 27 27 25 26 26 26 26 26 25 22 22 22 22 22 29 30 30 30 30 31 31 29 24 Protection 5 | . . . 15 13 . . . . . . . . . . . . . . . . . . . . . . . . Energy Gun 3 | . 15 14 4 . . . . . . . . . . . . . . . . . . . . . . . . . Ballistic Gun 8 | . 12 14 17 16 . . . . . . . . . . . . . . . . . . . . . . . . Slashing Weapon 2 | . . . . . 9 9 9 6 6 6 6 6 6 6 5 5 5 5 5 5 5 5 5 5 4 4 4 3 Peak Build Rating 101 | 6 7 7 17 38 39 35 43 49 49 54 54 54 54 58 58 58 60 78 75 83 83 83 85 85 89 97 101 74 Average Rating 37 | 4 6 7 13 24 35 35 38 47 49 48 54 54 54 56 58 58 57 73 75 82 83 83 83 85 88 90 89 63 On Entrance 53 | . 6 7 7 17 36 35 35 43 49 49 54 54 54 54 58 58 58 58 75 75 83 83 83 85 85 89 97 73 Naked Turns . | . . . . . . . . . . . . . . . . . . . . . . . . . . . . . Heaviest Build 41 | 14 29 28 41 41 18 17 22 22 22 24 24 24 24 24 24 24 24 23 22 22 22 22 27 27 27 27 27 14 Greatest Support 87 | 40 40 40 63 87 24 24 24 28 28 28 28 28 28 28 28 28 29 31 31 31 31 36 36 36 36 44 44 27 Greatest Overweight (x) 6 | . . . 1 6 . . . . . . . . . . . . 1 . . . . . . . . . . 1 Average Overweight (x) . | . . . . . . . . . . . . . . . . . . . . . . . . . . . . . Largest Inventory Capacity 15 | 8 15 15 15 15 10 10 10 10 10 10 10 10 10 10 10 10 10 10 10 10 10 10 10 10 10 10 10 10 Average Capacity 12 | 6 14 15 15 14 10 10 10 10 10 10 10 10 10 10 10 10 10 10 10 10 10 10 10 10 10 10 10 8 Most Carried 15 | 6 15 15 15 15 10 10 10 10 10 10 10 10 10 10 10 10 10 10 9 9 9 9 10 10 10 10 10 9 Average Carried 12 | 3 12 15 14 14 10 10 9 9 10 10 10 10 10 9 10 10 9 9 9 8 9 9 9 10 9 9 7 6 Final Capacity 15 | 8 15 15 15 10 10 10 10 10 10 10 10 10 10 10 10 10 10 10 10 10 10 10 10 10 10 10 10 5 Final Carried 15 | 6 15 15 15 10 10 10 10 10 10 10 10 10 10 10 10 10 10 9 9 9 9 9 10 10 9 10 7 5 Class Distribution -------------------- 30% | Hacker-Sprinter 29% | Mutant 21% | Scavenger-Mutant 12% | Wizard-Sprinter 4% | Hacker-Mutant Dominant Class ---------------- Mutant | -10/Materials Mutant | -10/Mines Mutant | -9/Materials Scavenger-Mutant | -8/Materials Hacker-Sprinter | -8/Storage Hacker-Sprinter | -8/Recycling Hacker-Sprinter | -8/Scraptown Hacker-Sprinter | -6/Factory Hacker-Sprinter | -6/Waste Hacker-Sprinter | -6/Factory Hacker-Sprinter | -6/Lower Caves Hacker-Sprinter | -6/Lower Caves Hacker-Sprinter | -6/Data Miner Hacker-Sprinter | -5/Proximity Caves Hacker-Sprinter | -5/Factory Hacker-Sprinter | -5/Upper Caves Hacker-Sprinter | -5/Upper Caves Hacker-Sprinter | -5/Warlord Hacker-Sprinter | -4/Proximity Caves Wizard-Sprinter | -4/Factory Wizard-Sprinter | -4/Upper Caves Wizard-Sprinter | -4/Upper Caves Wizard-Sprinter | -4/Zhirov Wizard-Sprinter | -3/Proximity Caves Wizard-Sprinter | -3/Research Wizard-Sprinter | -3/Quarantine Wizard-Sprinter | -2/Research Wizard-Sprinter | -2/Testing Resources | -11 -10 -10 -9 -8 -8 -8 -8 -6 -6 -6 -6 -6 -6 -5 -5 -5 -5 -5 -4 -4 -4 -4 -4 -3 -3 -3 -2 -2 ----------- Run | Yrd Mat Min Mat Mat Sto Rec Scr Fac Was Fac Low Low Dat Pro Fac Upp Upp War Pro Fac Upp Upp Zhi Pro Res Qua Res Tes Matter Collected 2736 | 260 87 9 685 1222 10 . 56 30 . . 50 10 . 40 . . 40 50 . . 20 . 30 . 15 40 30 52 Remotely . | . . . . . . . . . . . . . . . . . . . . . . . . . . . . . Salvage Created 4983 | . 309 50 1323 1543 . . . 83 . . . . . . . . . . 313 . 275 . 101 141 176 408 217 44 Parts 227 | . 19 7 71 78 . . . . . . . . . . . . . . 4 . 4 . 2 4 5 23 8 2 Haulers Intercepted 11 | . 1 . 5 4 . . . 1 . . . . . . . . . . . . . . . . . . . . Recyclers Shooed 7 | . . . 4 3 . . . . . . . . . . . . . . . . . . . . . . . . Parts Field Recycled . | . . . . . . . . . . . . . . . . . . . . . . . . . . . . . Retrieved Matter . | . . . . . . . . . . . . . . . . . . . . . . . . . . . . . Parts Self-Destructed 6 | . . . . . . . . . . . . . . . . . . . 4 . . . 2 . . . . . Prevented 4 | . . . . . . . . . . . . . . . . . . . 1 . . 3 . . . . . . Kills | -11 -10 -10 -9 -8 -8 -8 -8 -6 -6 -6 -6 -6 -6 -5 -5 -5 -5 -5 -4 -4 -4 -4 -4 -3 -3 -3 -2 -2 ------- Run | Yrd Mat Min Mat Mat Sto Rec Scr Fac Was Fac Low Low Dat Pro Fac Upp Upp War Pro Fac Upp Upp Zhi Pro Res Qua Res Tes Combat Hostiles Destroyed 50 | . 7 3 20 18 . . . . . . . . . . . . . . 1 . . . . . . . 1 . Melee 2 | . . . . . . . . . . . . . . . . . . . 1 . . . . . . . 1 . Guns 48 | . 7 3 20 18 . . . . . . . . . . . . . . . . . . . . . . . . Classes Destroyed 15 | . 5 . 3 1 . . . . . . . . . . . . . . 1 . 1 . . . 1 1 2 . Worker 9 | . . . 4 . . . . . . . . . . . . . . . . . . . . . 1 3 . 1 Builder 1 | . . . . . . . . . . . . . . . . . . . . . . . . . 1 . . . Hauler 11 | . 1 . 5 4 . . . 1 . . . . . . . . . . . . . . . . . . . . Recycler 10 | . . . 1 6 . . . . . . . . . . . . . . . . . . . . 1 2 . . Mechanic 2 | . . . . . . . . . . . . . . . . . . . . . . . . . . . 2 . Operator 9 | . 2 . 3 2 . . . . . . . . . . . . . . . . . . . . . 1 . 1 Drone 1 | . . . . . . . . . . . . . . . . . . . 1 . . . . . . . . . Watcher 3 | . 1 . 1 1 . . . . . . . . . . . . . . . . . . . . . . . . Swarmer 13 | . 3 3 4 3 . . . . . . . . . . . . . . . . . . . . . . . . Grunt 22 | . 4 . 9 9 . . . . . . . . . . . . . . . . . . . . . . . . Researcher 1 | . . . . . . . . . . . . . . . . . . . . . . . . . . 1 . . Sentry 12 | . . . 7 5 . . . . . . . . . . . . . . . . . . . . . . . . Hunter 1 | . . . . 1 . . . . . . . . . . . . . . . . . . . . . . . . Programmer 1 | . . . . . . . . . . . . . . . . . . . . . . . . . . . 1 . Decomposer 5 | . . . . . . . . . . . . . . . . . . . 3 . 2 . . . . . . . Packrat 5 | . . . . . . . . . . . . . . . . . . . 3 . 2 . . . . . . . Samaritan 4 | . . . . . . . . . . . . . . . . . . . . . 1 . . 3 . . . . Best Kill Streak 7 | . 3 3 4 7 . . . 1 . . . . . . . . . . 1 . . . . . 2 2 1 1 Combat Bots Only 7 | . 3 3 4 7 . . . . . . . . . . . . . . 1 . . . . . . . 1 . Max Kills in Single Turn 2 | . 1 1 1 2 . . . 1 . . . . . . . . . . 1 . 1 . . 1 1 1 1 1 Gunslinging . | . . . . . . . . . . . . . . . . . . . . . . . . . . . . . Exploded . | . . . . . . . . . . . . . . . . . . . . . . . . . . . . . Melee 1 | . . . . . . . . . . . . . . . . . . . 1 . . . . . . . 1 . Uniques/NPCs Destroyed . | . . . . . . . . . . . . . . . . . . . . . . . . . . . . . Combat | -11 -10 -10 -9 -8 -8 -8 -8 -6 -6 -6 -6 -6 -6 -5 -5 -5 -5 -5 -4 -4 -4 -4 -4 -3 -3 -3 -2 -2 -------- Run | Yrd Mat Min Mat Mat Sto Rec Scr Fac Was Fac Low Low Dat Pro Fac Upp Upp War Pro Fac Upp Upp Zhi Pro Res Qua Res Tes Hostile Shots Fired 572 | . 46 11 97 95 16 . . 12 . 9 . 3 6 . . 12 . 1 8 . 18 . . . 7 13 98 120 Missed 220 | . 12 1 22 27 9 . . 5 . 9 . . 6 . . 10 . 1 4 . 11 . . . 4 6 55 38 Hits 352 | . 34 10 75 68 7 . . 7 . . . 3 . . . 2 . . 4 . 7 . . . 3 7 43 82 Projectile 352 | . 34 10 75 68 7 . . 7 . . . 3 . . . 2 . . 4 . 7 . . . 3 7 43 82 AOE 1 | . . . . . . . . . . . . . . . . . . . . . . . . . . . . 1 Critical Strikes 11 | . . . 4 2 . . . . . . . . . . . . . . . . . . . . . 1 1 3 Part Disruptions 1 | . . . . . . . . . . . . . . . . . . . . . . . . . . . . 1 Damage Taken 5792 | . 380 85 888 975 130 . . 90 . . . 46 . . . 31 . 29 62 . 125 . 5 8 28 128 896 1886 Core 2058 | . 77 10 126 99 60 . . 62 . . . 28 . . . . . 29 29 . . . 5 8 . 54 263 1208 Absorbed by Shields . | . . . . . . . . . . . . . . . . . . . . . . . . . . . . . Regen/Repaired (Parts) 74 | . . . . . . . . . . . . . . . . . . . . . . . . . . 74 . . Core Remaining (%) 85 | 100 . 65 68 . . . 71 . . . . . . 89 . . . . 94 . . . . 98 . 95 . . Volleys Fired 252 | . 41 5 97 107 . . . . . . . . . . . . . 2 . . . . . . . . . . Largest 2 | . 2 2 2 2 . . . . . . . . . . . . . 1 . . . . . . . . . . Hottest 70 | . 70 70 70 46 . . . . . . . . . . . . . . . . . . . . . . . . Shots Fired 501 | . 82 10 193 214 . . . . . . . . . . . . . 2 . . . . . . . . . . Gun 499 | . 82 10 193 214 . . . . . . . . . . . . . . . . . . . . . . . . Cannon . | . . . . . . . . . . . . . . . . . . . . . . . . . . . . . Launcher . | . . . . . . . . . . . . . . . . . . . . . . . . . . . . . Special 2 | . . . . . . . . . . . . . . . . . . 2 . . . . . . . . . . Kinetic 412 | . 41 5 152 214 . . . . . . . . . . . . . . . . . . . . . . . . Thermal 87 | . 41 5 41 . . . . . . . . . . . . . . . . . . . . . . . . . Explosive . | . . . . . . . . . . . . . . . . . . . . . . . . . . . . . Electromagnetic . | . . . . . . . . . . . . . . . . . . . . . . . . . . . . . Robot Hit Streak 15 | . 13 2 10 15 . . . . . . . . . . . . . 13 . . . . . . . . . . Robot Miss Streak 5 | . 5 2 5 4 . . . . . . . . . . . . . . . . . . . . . . . . Penetration Max . | . . . . . . . . . . . . . . . . . . . . . . . . . . . . . Secondary Targets 6 | . 1 1 1 3 . . . . . . . . . . . . . . . . . . . . . . . . Max Gunslinging Chain 1 | . 1 1 1 1 . . . . . . . . . . . . . . . . . . . . . . . . Shots Hit Robots 378 | . 48 4 125 144 . . . 2 . . . . 1 . . . . 3 8 1 6 . 6 4 4 13 7 2 Core Hits 167 | . 24 3 59 59 . . . 1 . . . . . . . . . . 4 1 3 . 1 3 1 4 4 . Critical Kills 3 | . 1 . 2 . . . . . . . . . . . . . . . . . . . . . . . . . Critical Parts Destroyed 2 | . . . . 2 . . . . . . . . . . . . . . . . . . . . . . . . Critical Strikes 10 | . 3 . 5 2 . . . . . . . . . . . . . . . . . . . . . . . . Burn 5 | . 2 . 3 . . . . . . . . . . . . . . . . . . . . . . . . . Destroy 5 | . 1 . 2 2 . . . . . . . . . . . . . . . . . . . . . . . . Melee Attacks 141 | . . . . . 1 . . 3 . 3 . . 9 1 2 2 1 1 12 4 7 3 8 4 7 32 24 17 Impact . | . . . . . . . . . . . . . . . . . . . . . . . . . . . . . Slashing 140 | . . . . . 1 . . 2 . 3 . . 9 1 2 2 1 1 12 4 7 3 8 4 7 32 24 17 Piercing . | . . . . . . . . . . . . . . . . . . . . . . . . . . . . . Sneak Attacks 33 | . . . . . . . . 2 . . . . 1 . . . . 1 7 . 4 . . 4 4 6 2 2 Combat Hostiles 1 | . . . . . . . . . . . . . . . . . . . 1 . . . . . . . . . Follow-up Attacks . | . . . . . . . . . . . . . . . . . . . . . . . . . . . . . Damage Inflicted 8288 | . 536 59 1557 2118 . . . 74 . . . . 78 . . . . 117 655 35 414 . 456 321 347 899 403 219 Guns 4270 | . 536 59 1557 2118 . . . . . . . . . . . . . . . . . . . . . . . . Cannons . | . . . . . . . . . . . . . . . . . . . . . . . . . . . . . Explosions . | . . . . . . . . . . . . . . . . . . . . . . . . . . . . . Melee 4018 | . . . . . . . . 74 . . . . 78 . . . . 117 655 35 414 . 456 321 347 899 403 219 Ramming . | . . . . . . . . . . . . . . . . . . . . . . . . . . . . . Kinetic 3518 | . 219 9 1172 2118 . . . . . . . . . . . . . . . . . . . . . . . . Thermal 752 | . 317 50 385 . . . . . . . . . . . . . . . . . . . . . . . . . Explosive . | . . . . . . . . . . . . . . . . . . . . . . . . . . . . . Electromagnetic . | . . . . . . . . . . . . . . . . . . . . . . . . . . . . . Impact . | . . . . . . . . . . . . . . . . . . . . . . . . . . . . . Slashing 4018 | . . . . . . . . 74 . . . . 78 . . . . 117 655 35 414 . 456 321 347 899 403 219 Piercing . | . . . . . . . . . . . . . . . . . . . . . . . . . . . . . Highest Corruption 41 | . . . . 1 2 2 . . 7 7 7 7 7 7 . . . . . . . . . . . 1 7 41 Average Corruption 4 | . . . . 1 1 2 . . 7 7 7 7 7 7 . . . . . . . . . . . 1 5 14 Corruption Purged . | . . . . . . . . . . . . . . . . . . . . . . . . . . . . . Corruption Blocked . | . . . . . . . . . . . . . . . . . . . . . . . . . . . . . Effects 39 | . . . . 8 3 . . . . 5 2 5 1 2 . . . . . . . . . . . . . 13 Message Errors 13 | . . . . 3 . . . . . 2 . 3 1 . . . . . . . . . . . . . . 4 Matter Fused 5 | . . . . 1 2 . . . . . . 1 . . . . . . . . . . . . . . . 1 Heat Flow Errors 5 | . . . . 1 . . . . . 1 1 . . 1 . . . . . . . . . . . . . 1 Energy Discharges 4 | . . . . . 1 . . . . . . 1 . 1 . . . . . . . . . . . . . 1 Parts Rejected 2 | . . . . 1 . . . . . . . . . . . . . . . . . . . . . . . 1 Parts Fused 1 | . . . . . . . . . . . . . . . . . . . . . . . . . . . . 1 Data Loss (minor) 4 | . . . . 1 . . . . . 2 . . . . . . . . . . . . . . . . . 1 Data Loss (major) 1 | . . . . 1 . . . . . . . . . . . . . . . . . . . . . . . . Alerts 1 | . . . . . . . . . . . 1 . . . . . . . . . . . . . . . . . Misdirections 3 | . . . . . . . . . . . . . . . . . . . . . . . . . . . . 3 Overload Shots . | . . . . . . . . . . . . . . . . . . . . . . . . . . . . . Overflow Damage 1105 | . . . . . . . . . . . . . 18 . . . . 70 243 . 179 . 3 29 155 264 . 144 Projectiles . | . . . . . . . . . . . . . . . . . . . . . . . . . . . . . Explosions . | . . . . . . . . . . . . . . . . . . . . . . . . . . . . . Melee 1105 | . . . . . . . . . . . . . 18 . . . . 70 243 . 179 . 3 29 155 264 . 144 Knockbacks . | . . . . . . . . . . . . . . . . . . . . . . . . . . . . . Impact . | . . . . . . . . . . . . . . . . . . . . . . . . . . . . . Kinetic . | . . . . . . . . . . . . . . . . . . . . . . . . . . . . . Secondary . | . . . . . . . . . . . . . . . . . . . . . . . . . . . . . Self-Inflicted Damage . | . . . . . . . . . . . . . . . . . . . . . . . . . . . . . Shots . | . . . . . . . . . . . . . . . . . . . . . . . . . . . . . Rammed . | . . . . . . . . . . . . . . . . . . . . . . . . . . . . . Targets Rammed . | . . . . . . . . . . . . . . . . . . . . . . . . . . . . . Kicked . | . . . . . . . . . . . . . . . . . . . . . . . . . . . . . Crushed . | . . . . . . . . . . . . . . . . . . . . . . . . . . . . . Highest Temperature 276 | . 260 80 248 235 4 . 1 11 . 276 200 . . 99 . . . . . . . 2 . . . . . 142 Average Temperature 48 | . 75 32 44 23 3 . 1 6 . 129 165 . . 65 . . . . . . . 1 . . . . . 76 Received Heat Transfer 1080 | . 147 . 333 378 45 . . 12 . . . . . . . . . . . . 21 . . . . . 9 135 Siege Activations . | . . . . . . . . . . . . . . . . . . . . . . . . . . . . . Martial Activations . | . . . . . . . . . . . . . . . . . . . . . . . . . . . . . Shielding Activations . | . . . . . . . . . . . . . . . . . . . . . . . . . . . . . Robots Disrupted 1 | . . . . . . . . . . . . . . . . . . . . . . . . . 1 . . . Combat Hostiles . | . . . . . . . . . . . . . . . . . . . . . . . . . . . . . Robots Corrupted . | . . . . . . . . . . . . . . . . . . . . . . . . . . . . . Combat Hostiles . | . . . . . . . . . . . . . . . . . . . . . . . . . . . . . Parts Fried . | . . . . . . . . . . . . . . . . . . . . . . . . . . . . . Impact Corruptions . | . . . . . . . . . . . . . . . . . . . . . . . . . . . . . Robots Melted . | . . . . . . . . . . . . . . . . . . . . . . . . . . . . . Combat Hostiles . | . . . . . . . . . . . . . . . . . . . . . . . . . . . . . Parts Melted 3 | . . . 3 . . . . . . . . . . . . . . . . . . . . . . . . . Heat Transferred 2590 | . 1073 148 1369 . . . . . . . . . . . . . . . . . . . . . . . . . Parts Sabotaged . | . . . . . . . . . . . . . . . . . . . . . . . . . . . . . Parts Stolen . | . . . . . . . . . . . . . . . . . . . . . . . . . . . . . Parts Stripped . | . . . . . . . . . . . . . . . . . . . . . . . . . . . . . Power Chain Reactions . | . . . . . . . . . . . . . . . . . . . . . . . . . . . . . Alert | -11 -10 -10 -9 -8 -8 -8 -8 -6 -6 -6 -6 -6 -6 -5 -5 -5 -5 -5 -4 -4 -4 -4 -4 -3 -3 -3 -2 -2 ------- Run | Yrd Mat Min Mat Mat Sto Rec Scr Fac Was Fac Low Low Dat Pro Fac Upp Upp War Pro Fac Upp Upp Zhi Pro Res Qua Res Tes Maximum Alert Level 1 | . . . . 1 . . . . . . . . . . . . . . . . . . . . . . . . Low Security (%) 94 | 100 100 100 100 79 100 100 . 100 100 100 . . . . 100 . . . . 100 . . . . 100 100 100 100 Level 1 5 | . . . . 20 . . . . . . . . . . . . . . . . . . . . . . . . Level 2 . | . . . . . . . . . . . . . . . . . . . . . . . . . . . . . Level 3 . | . . . . . . . . . . . . . . . . . . . . . . . . . . . . . Level 4 . | . . . . . . . . . . . . . . . . . . . . . . . . . . . . . Level 5 . | . . . . . . . . . . . . . . . . . . . . . . . . . . . . . High Security . | . . . . . . . . . . . . . . . . . . . . . . . . . . . . . Max Security . | . . . . . . . . . . . . . . . . . . . . . . . . . . . . . Peak Influence 235 | . 60 72 144 235 127 29 . 7 . 116 . . . . 20 . . . . 60 . . . . 27 54 131 50 Initial 82 | . . 12 . 49 82 29 . . . . . . . . 9 . . . . 59 . . . . . 9 30 12 Average 37 | . 24 5 43 70 99 6 . . . 58 . . . . 5 . . . . 53 . . . . 6 10 30 17 Influence Increases 2755 | . 217 70 650 623 54 5 . 8 . 196 . 75 . 15 53 45 15 . 125 7 . . 5 . 51 160 235 146 Destroy 0b10 Robot/C 1040 | . 140 60 400 360 . . . . . . . . . . . . . . . . . . . . . 20 20 40 Destroy 0b10 Robot/NC 235 | . 20 . 70 65 . . . 5 . . . . . . . . . . 5 . . . 5 . 15 30 10 10 Destroy Leader 298 | . 44 10 132 100 . . . 2 . . . . . . . . . . . . . . . . . . 10 . Successful Hack 76 | . 13 . . 7 9 5 . . . 14 . . . . 4 . . . . 3 . . . . . 3 . 18 Disable Machine 120 | . . . . 45 15 . . . . 15 . . . . . . . . . . . . . . . 15 . 30 Destroy Structure 116 | . . . 3 1 . . . 1 . 2 . . . . 4 . . . . 4 . . . . 6 32 45 18 Partial Spotted 225 | . . . . . 30 . . . . 60 . . . . 45 . . . . . . . . . 15 45 15 15 Lose Combat Pursuer 645 | . . . 45 45 . . . . . 105 . 75 . 15 . 45 15 . 120 . . . . . 15 15 135 15 Influence Decreases 2755 | . 184 103 533 544 174 81 . 8 . 80 64 71 56 . 48 65 . 15 30 56 46 . 5 . 34 123 266 169 Entered New Map 487 | . . 21 . 68 114 47 . . . . 44 11 56 . 6 8 . 15 . 36 18 . . . . 8 24 11 Time Decay 1920 | . 184 82 508 446 50 5 . 8 . 80 20 60 . . 27 57 . . 30 20 28 . 5 . 24 103 71 112 Lost Part 151 | . . . 25 10 10 . . . . . . . . . . . . . . . . . . . 10 . 50 46 Purge Threat 197 | . . . . 20 . 29 . . . . . . . . 15 . . . . . . . . . . 12 121 . Squads Dispatched 13 | . 2 . 3 2 . . . . . . . . . . . . . . . . . . . . . 2 1 3 Investigation . | . . . . . . . . . . . . . . . . . . . . . . . . . . . . . Extermination 3 | . . . . . . . . . . . . . . . . . . . . . . . . . . 1 1 1 Reinforcement 10 | . 2 . 3 2 . . . . . . . . . . . . . . . . . . . . . 1 . 2 Assault . | . . . . . . . . . . . . . . . . . . . . . . . . . . . . . Garrison . | . . . . . . . . . . . . . . . . . . . . . . . . . . . . . Intercept . | . . . . . . . . . . . . . . . . . . . . . . . . . . . . . Searches Triggered . | . . . . . . . . . . . . . . . . . . . . . . . . . . . . . Construction Impeded . | . . . . . . . . . . . . . . . . . . . . . . . . . . . . . Haulers Reinforced . | . . . . . . . . . . . . . . . . . . . . . . . . . . . . . Active Scanning Responses . | . . . . . . . . . . . . . . . . . . . . . . . . . . . . . Cargo Convoy Interrupts . | . . . . . . . . . . . . . . . . . . . . . . . . . . . . . Stealth | -11 -10 -10 -9 -8 -8 -8 -8 -6 -6 -6 -6 -6 -6 -5 -5 -5 -5 -5 -4 -4 -4 -4 -4 -3 -3 -3 -2 -2 --------- Run | Yrd Mat Min Mat Mat Sto Rec Scr Fac Was Fac Low Low Dat Pro Fac Upp Upp War Pro Fac Upp Upp Zhi Pro Res Qua Res Tes Distress Signals 10 | . . . 2 3 . . . . . . . . . . . . . 1 . . . . . . 1 . 1 2 Communications Jammed . | . . . . . . . . . . . . . . . . . . . . . . . . . . . . . Distress Signals . | . . . . . . . . . . . . . . . . . . . . . . . . . . . . . Times Spotted 232 | . 18 3 35 35 11 . . 6 6 10 . 5 4 2 3 7 1 14 6 1 5 1 . 1 4 7 22 25 Peak Tracking Total 17 | . 4 3 4 7 9 . . 8 6 7 . 5 4 3 3 4 1 7 5 1 5 1 . 1 5 2 9 17 Tactical Retreats 25 | . . . 3 2 . . . . . 4 . 3 . 1 . 2 1 . 2 . . . . . 1 1 4 1 Traps | -11 -10 -10 -9 -8 -8 -8 -8 -6 -6 -6 -6 -6 -6 -5 -5 -5 -5 -5 -4 -4 -4 -4 -4 -3 -3 -3 -2 -2 ------- Run | Yrd Mat Min Mat Mat Sto Rec Scr Fac Was Fac Low Low Dat Pro Fac Upp Upp War Pro Fac Upp Upp Zhi Pro Res Qua Res Tes Traps Triggered 11 | . . . 5 1 2 . . 1 . . . . . . . . . . . . . . . . . . 1 1 Indirectly . | . . . . . . . . . . . . . . . . . . . . . . . . . . . . . Trap Hack Attempts . | . . . . . . . . . . . . . . . . . . . . . . . . . . . . . Triggered . | . . . . . . . . . . . . . . . . . . . . . . . . . . . . . Disarmed . | . . . . . . . . . . . . . . . . . . . . . . . . . . . . . Reprogrammed . | . . . . . . . . . . . . . . . . . . . . . . . . . . . . . Reused . | . . . . . . . . . . . . . . . . . . . . . . . . . . . . . Traps Extracted . | . . . . . . . . . . . . . . . . . . . . . . . . . . . . . Installed . | . . . . . . . . . . . . . . . . . . . . . . . . . . . . . Triggered . | . . . . . . . . . . . . . . . . . . . . . . . . . . . . . Machines | -11 -10 -10 -9 -8 -8 -8 -8 -6 -6 -6 -6 -6 -6 -5 -5 -5 -5 -5 -4 -4 -4 -4 -4 -3 -3 -3 -2 -2 ---------- Run | Yrd Mat Min Mat Mat Sto Rec Scr Fac Was Fac Low Low Dat Pro Fac Upp Upp War Pro Fac Upp Upp Zhi Pro Res Qua Res Tes Machines Disabled 9 | . . . . 3 1 . . . . 1 . . 1 . . . . . . . . . . . . 1 . 2 Max in Single Turn 1 | . . . . 1 1 . . . . 1 . . 1 . . . . . . . . . . . . 1 . 1 Garrison Access 2 | . . . . . 1 . . . . . . . . . . . . . . . . . . . 1 . . . Machines Repaired . | . . . . . . . . . . . . . . . . . . . . . . . . . . . . . Machines Dismantled . | . . . . . . . . . . . . . . . . . . . . . . . . . . . . . Machines Sabotaged . | . . . . . . . . . . . . . . . . . . . . . . . . . . . . . Overloaded Fab Kills . | . . . . . . . . . . . . . . . . . . . . . . . . . . . . . Hacking | -11 -10 -10 -9 -8 -8 -8 -8 -6 -6 -6 -6 -6 -6 -5 -5 -5 -5 -5 -4 -4 -4 -4 -4 -3 -3 -3 -2 -2 --------- Run | Yrd Mat Min Mat Mat Sto Rec Scr Fac Was Fac Low Low Dat Pro Fac Upp Upp War Pro Fac Upp Upp Zhi Pro Res Qua Res Tes Machines Accessed 40 | . 2 . 1 1 5 2 2 . . 1 . . 3 . 3 . . 1 . 2 . . 3 . 4 6 3 1 Terminals 26 | . 2 . 1 1 4 2 . . . 1 . . . . 2 . . . . 2 . . . . 2 5 3 1 Fabricators 1 | . . . . . . . . . . . . . . . . . . . . . . . . . 1 . . . Repair Stations 1 | . . . . . . . . . . . . . . . . . . . . . . . . . . 1 . . Recycling Units . | . . . . . . . . . . . . . . . . . . . . . . . . . . . . . Scanalyzers . | . . . . . . . . . . . . . . . . . . . . . . . . . . . . . Garrison Access 3 | . . . . . 1 . . . . . . . . . 1 . . . . . . . . . 1 . . . Total Hacks 100 | . 2 . 2 3 11 5 8 . . 3 . . 22 . 7 . . 1 . 2 . . 12 . 5 10 5 2 Successful 80 | . 2 . 1 2 4 3 8 . . 2 . . 22 . 3 . . 1 . 2 . . 12 . 5 7 4 2 Failed 20 | . . . 1 1 7 2 . . . 1 . . . . 4 . . . . . . . . . . 3 1 . Catastrophic . | . . . . . . . . . . . . . . . . . . . . . . . . . . . . . Database Lockouts . | . . . . . . . . . . . . . . . . . . . . . . . . . . . . . Manual 41 | . 1 . 2 3 6 5 . . . 3 . . . . 5 . . 1 . 1 . . . . 2 7 4 1 Terminals 47 | . 2 . 2 3 8 5 . . . 3 . . . . 5 . . . . 2 . . . . 2 8 5 2 Fabricators 2 | . . . . . . . . . . . . . . . . . . . . . . . . . 2 . . . Repair Stations 2 | . . . . . . . . . . . . . . . . . . . . . . . . . . 2 . . Recycling Units . | . . . . . . . . . . . . . . . . . . . . . . . . . . . . . Scanalyzers . | . . . . . . . . . . . . . . . . . . . . . . . . . . . . . Garrison Access 6 | . . . . . 3 . . . . . . . . . 2 . . . . . . . . . 1 . . . Terminal Hacks 71 | . 1 . . 2 3 3 8 . . 2 . . 22 . 3 . . 1 . 2 . . 12 . 2 4 4 2 Record 6 | . . . . . . . . . . . . . 2 . . . . . . . . . 4 . . . . . Part Schematic 15 | . . . . . . . . . . . . . 11 . . . . . . . . . 4 . . . . . Robot Schematic 6 | . . . . . . . . . . . . . 6 . . . . . . . . . . . . . . . Robot Analysis 11 | . . . . . . . 7 . . . . . . . . . . . . . . . 4 . . . . . Prototype ID Bank 3 | . . . . . . . . . . . . . 3 . . . . . . . . . . . . . . . Open Door 5 | . . . . . 2 . 1 . . . . . . . . . . 1 . . . . . . 1 . . . Level Access Points 2 | . . . . . . . . . . . . . . . . . . . . . . . . . . 1 . 1 Branch Access Points 6 | . . . . . 1 . . . . 1 . . . . 1 . . . . 1 . . . . 1 . 1 . Unreport Threat 9 | . . . . 2 . 3 . . . . . . . . 2 . . . . . . . . . . 1 1 . Locate Traps 1 | . . . . . . . . . . . . . . . . . . . . . . . . . . 1 . . Recall Reinforcements 1 | . . . . . . . . . . . . . . . . . . . . . . . . . . 1 . . Registered Components 4 | . 1 . . . . . . . . . . . . . . . . . . 1 . . . . . . 1 1 Registered Prototypes 1 | . . . . . . . . . . . . . . . . . . . . . . . . . . . 1 . Zone Layout 1 | . . . . . . . . . . 1 . . . . . . . . . . . . . . . . . . Fabricator Hacks 1 | . . . . . . . . . . . . . . . . . . . . . . . . . 1 . . . Network Status 1 | . . . . . . . . . . . . . . . . . . . . . . . . . 1 . . . Repair Station Hacks 2 | . . . . . . . . . . . . . . . . . . . . . . . . . . 2 . . Scan Component 1 | . . . . . . . . . . . . . . . . . . . . . . . . . . 1 . . Repair 1 | . . . . . . . . . . . . . . . . . . . . . . . . . . 1 . . Recycling Unit Hacks . | . . . . . . . . . . . . . . . . . . . . . . . . . . . . . Scanalyzer . | . . . . . . . . . . . . . . . . . . . . . . . . . . . . . Garrison Access Hacks 2 | . . . . . 1 . . . . . . . . . . . . . . . . . . . 1 . . . Seal Access 2 | . . . . . 1 . . . . . . . . . . . . . . . . . . . 1 . . . Unauthorized Hacks 4 | . 1 . 1 . . . . . . . . . . . . . . . . . . . . . 1 1 . . Terminals 3 | . 1 . 1 . . . . . . . . . . . . . . . . . . . . . . 1 . . Assimilate 1 | . . . . . . . . . . . . . . . . . . . . . . . . . . 1 . . Operators 2 | . 1 . 1 . . . . . . . . . . . . . . . . . . . . . . . . . Fabricators 1 | . . . . . . . . . . . . . . . . . . . . . . . . . 1 . . . Fabnet 1 | . . . . . . . . . . . . . . . . . . . . . . . . . 1 . . . Repair Stations . | . . . . . . . . . . . . . . . . . . . . . . . . . . . . . Recycling Units . | . . . . . . . . . . . . . . . . . . . . . . . . . . . . . Scanalyzers . | . . . . . . . . . . . . . . . . . . . . . . . . . . . . . Garrison Access . | . . . . . . . . . . . . . . . . . . . . . . . . . . . . . Data Cores Recovered 1 | . . . . . . . . . . . . . . . . . . . . . . . . . . 1 . . Used . | . . . . . . . . . . . . . . . . . . . . . . . . . . . . . Hacking Detections 20 | . . . . 1 3 1 . . . 1 . . . . 2 . . . . 2 . . . . 2 5 2 1 Full Trace Events . | . . . . . . . . . . . . . . . . . . . . . . . . . . . . . Feedback Events . | . . . . . . . . . . . . . . . . . . . . . . . . . . . . . Feedback Blocked . | . . . . . . . . . . . . . . . . . . . . . . . . . . . . . Robot Schematics Acquired 6 | . . . . . . . . . . . . . 6 . . . . . . . . . . . . . . . Robots Built . | . . . . . . . . . . . . . . . . . . . . . . . . . . . . . Authchips . | . . . . . . . . . . . . . . . . . . . . . . . . . . . . . Time . | . . . . . . . . . . . . . . . . . . . . . . . . . . . . . Total Robot Build Rating . | . . . . . . . . . . . . . . . . . . . . . . . . . . . . . Part Schematics Acquired 17 | . . . . . . . . . . . . . 11 . . . . . . . . . 4 . . 2 . . Parts Built . | . . . . . . . . . . . . . . . . . . . . . . . . . . . . . Authchips . | . . . . . . . . . . . . . . . . . . . . . . . . . . . . . Time . | . . . . . . . . . . . . . . . . . . . . . . . . . . . . . Total Part Build Rating . | . . . . . . . . . . . . . . . . . . . . . . . . . . . . . Parts Repaired 1 | . . . . . . . . . . . . . . . . . . . . . . . . . . 1 . . Time 54 | . . . . . . . . . . . . . . . . . . . . . . . . . . 54 . . Parts Recycled . | . . . . . . . . . . . . . . . . . . . . . . . . . . . . . Recycled Matter . | . . . . . . . . . . . . . . . . . . . . . . . . . . . . . Retrieved Matter . | . . . . . . . . . . . . . . . . . . . . . . . . . . . . . Retrieved Components . | . . . . . . . . . . . . . . . . . . . . . . . . . . . . . Parts Scanalyzed . | . . . . . . . . . . . . . . . . . . . . . . . . . . . . . Part Schematics Acquired . | . . . . . . . . . . . . . . . . . . . . . . . . . . . . . Parts Damaged . | . . . . . . . . . . . . . . . . . . . . . . . . . . . . . Bothacking | -11 -10 -10 -9 -8 -8 -8 -8 -6 -6 -6 -6 -6 -6 -5 -5 -5 -5 -5 -4 -4 -4 -4 -4 -3 -3 -3 -2 -2 ------------ Run | Yrd Mat Min Mat Mat Sto Rec Scr Fac Was Fac Low Low Dat Pro Fac Upp Upp War Pro Fac Upp Upp Zhi Pro Res Qua Res Tes Used RIF Installer . | . . . . . . . . . . . . . . . . . . . . . . . . . . . . . Robots Hacked 3 | . . . . . . . . 1 . . . . . . . . . . . . . . . . . . . 2 Non-combat 1 | . . . . . . . . 1 . . . . . . . . . . . . . . . . . . . . Combat 2 | . . . . . . . . . . . . . . . . . . . . . . . . . . . . 2 Robot Hacks Applied 1 | . . . . . . . . 1 . . . . . . . . . . . . . . . . . . . . no_distress 1 | . . . . . . . . 1 . . . . . . . . . . . . . . . . . . . . Relay Couplers Released . | . . . . . . . . . . . . . . . . . . . . . . . . . . . . . Fabnet Peak Effective % 3 | . . . . . . . . . . . . . . . . . . . . . . . . . . . 3 3 Autooverrided 2 | . . . . . . . . . . . . . . . . . . . . . . . . . . . . 2 Robots Rewired 1 | . . . . . . . . . . . . . . . . . . . . . . 1 . . . . . . Allies Hacked . | . . . . . . . . . . . . . . . . . . . . . . . . . . . . . Hacks Repelled . | . . . . . . . . . . . . . . . . . . . . . . . . . . . . . Allies | -11 -10 -10 -9 -8 -8 -8 -8 -6 -6 -6 -6 -6 -6 -5 -5 -5 -5 -5 -4 -4 -4 -4 -4 -3 -3 -3 -2 -2 -------- Run | Yrd Mat Min Mat Mat Sto Rec Scr Fac Was Fac Low Low Dat Pro Fac Upp Upp War Pro Fac Upp Upp Zhi Pro Res Qua Res Tes Total Allies 3 | . . . . . . . . . . . . . . . . . . . . . . 1 . . . . . 2 Largest Group 1 | . . . . . . . . . . . . . . . . . . . . . . 1 . . . . . 1 Highest-Rated Group 89 | . . . . . . . . . . . . . . . . . . . . . . 47 . . . . . 89 Highest-Rated Ally 89 | . . . . . . . . . . . . . . . . . . . . . . 47 . . . . . 89 Total Orders . | . . . . . . . . . . . . . . . . . . . . . . . . . . . . . Ally Attacks 13 | . . . . . . . . . . . . . . . . . . . . . . 2 . . . . . 11 Total Damage 354 | . . . . . . . . . . . . . . . . . . . . . . 77 . . . . . 277 Kills 2 | . . . . . . . . . . . . . . . . . . . . . . . . . . . . 2 Allies Corrupted . | . . . . . . . . . . . . . . . . . . . . . . . . . . . . . Allies Melted 1 | . . . . . . . . . . . . . . . . . . 1 . . . . . . . . . . Intel | -11 -10 -10 -9 -8 -8 -8 -8 -6 -6 -6 -6 -6 -6 -5 -5 -5 -5 -5 -4 -4 -4 -4 -4 -3 -3 -3 -2 -2 ------- Run | Yrd Mat Min Mat Mat Sto Rec Scr Fac Was Fac Low Low Dat Pro Fac Upp Upp War Pro Fac Upp Upp Zhi Pro Res Qua Res Tes Active Infowar (turns) 3037 | . . . . . . . . . . 73 43 120 51 130 113 223 126 1055 141 46 173 130 52 65 96 278 122 . Sensors 3037 | . . . . . . . . . . 73 43 120 51 130 113 223 126 1055 141 46 173 130 52 65 96 278 122 . Robot Analysis Total 11 | . . . . . . . 7 . . . . . . . . . . . . . . . 4 . . . . . Derelict Logs Recovered 10 | . . 2 . . . . . . . . . 1 . 1 . 1 2 . 1 . . 2 . . . . . . Drone Launches . | . . . . . . . . . . . . . . . . . . . . . . . . . . . . . Drone Recoveries . | . . . . . . . . . . . . . . . . . . . . . . . . . . . . . Exploration | -11 -10 -10 -9 -8 -8 -8 -8 -6 -6 -6 -6 -6 -6 -5 -5 -5 -5 -5 -4 -4 -4 -4 -4 -3 -3 -3 -2 -2 ------------- Run | Yrd Mat Min Mat Mat Sto Rec Scr Fac Was Fac Low Low Dat Pro Fac Upp Upp War Pro Fac Upp Upp Zhi Pro Res Qua Res Tes Turns Passed 9764 | 115 652 1126 1824 1734 109 50 493 108 28 178 43 120 51 132 113 223 126 1055 141 46 173 130 56 65 96 278 191 308 Spaces Moved 12380 | 70 308 689 843 843 288 162 1589 351 103 496 159 373 104 377 333 343 423 830 338 126 621 392 142 256 339 644 409 429 Core 14 | 13 . . . . . . . . . . . . . . . . . . . . . . . . . . . 1 Treads 2560 | 57 308 689 746 760 . . . . . . . . . . . . . . . . . . . . . . . . Legs . | . . . . . . . . . . . . . . . . . . . . . . . . . . . . . Wheels 97 | . . . 97 . . . . . . . . . . . . . . . . . . . . . . . . . Hover . | . . . . . . . . . . . . . . . . . . . . . . . . . . . . . Flight 9709 | . . . . 83 288 162 1589 351 103 496 159 373 104 377 333 343 423 830 338 126 621 392 142 256 339 644 409 428 Fastest Speed 20 | 50 160 160 115 31 31 31 29 27 27 27 27 27 27 27 27 27 27 25 25 25 25 22 22 22 22 20 20 28 Average Speed 55 | 139 160 160 154 153 31 31 30 27 27 27 27 27 27 27 27 27 27 25 25 25 25 24 23 22 22 21 23 33 Slowest Speed 520 | 160 160 160 240 520 31 31 31 29 27 27 27 27 27 27 27 27 106 27 25 25 25 25 25 22 25 23 28 104 Overloaded Moves . | . . . . . . . . . . . . . . . . . . . . . . . . . . . . . Propulsion Burnouts . | . . . . . . . . . . . . . . . . . . . . . . . . . . . . . Robots Hopped 62 | . . . . . 2 2 . 1 . 10 . . 1 . 1 1 . 1 . 3 . . . . 4 8 10 18 Potential Cave-ins 8 | . . . . . . . . . . . . . . . . . . 4 2 . . . . . . . . 2 Cave-ins Triggered 2 | . . . . . . . . . . . . . . . . . . . . . . . . . . . . 2 Exploration Rate (%) 49 | 5 49 96 59 58 43 45 95 15 89 12 38 64 76 51 16 70 64 65 54 4 69 53 59 51 11 56 13 68 Regions Visited 28 Branch Regions 18 Pre-discovered Areas 8 | . . . . . . . 1 . . . . . 1 . . . 1 . 1 . . 1 3 . . . . . Known Exits Taken 20 | . . . . 1 1 . . . . 1 1 1 1 1 1 1 1 1 1 1 1 1 1 1 1 1 1 . Unknown Exits Taken 6 | 1 1 1 1 . . 1 1 . . . . . . . . . . . . . . . . . . . . . Scrap Searched 22 | . . 2 . . . . 7 . . . 1 1 . 4 . 1 2 . . . 1 2 . 1 . . . . Spaces Dug 66 | . . . . . . . . 1 . 2 . . 4 1 2 2 1 . 4 2 . 3 . . 3 16 15 10 Terrain Destroyed 66 | . . . . . . . . 1 . 2 . . 4 1 2 2 1 . 4 2 . 3 . . 3 16 15 10 Melee 66 | . . . . . . . . 1 . 2 . . 4 1 2 2 1 . 4 2 . 3 . . 3 16 15 10 Projectile . | . . . . . . . . . . . . . . . . . . . . . . . . . . . . . AOE . | . . . . . . . . . . . . . . . . . . . . . . . . . . . . . Terrain Rammed . | . . . . . . . . . . . . . . . . . . . . . . . . . . . . . Walls Destroyed . | . . . . . . . . . . . . . . . . . . . . . . . . . . . . . Machines Disabled . | . . . . . . . . . . . . . . . . . . . . . . . . . . . . . Actions | -11 -10 -10 -9 -8 -8 -8 -8 -6 -6 -6 -6 -6 -6 -5 -5 -5 -5 -5 -4 -4 -4 -4 -4 -3 -3 -3 -2 -2 --------- Run | Yrd Mat Min Mat Mat Sto Rec Scr Fac Was Fac Low Low Dat Pro Fac Upp Upp War Pro Fac Upp Upp Zhi Pro Res Qua Res Tes Total 14572 | 87 396 704 1200 1116 303 159 1596 359 102 524 158 391 111 403 351 468 433 1664 375 130 627 421 155 259 344 728 457 551 Wait 1563 | . 23 11 171 100 13 . . . . 27 . 19 . 20 18 125 . 824 26 . . 26 . . . 52 24 84 Move 12234 | 69 307 688 842 842 283 157 1588 349 102 476 158 372 101 376 330 340 422 827 337 119 620 391 141 255 330 627 389 396 Hop 57 | . . . . . 2 2 . 1 . 9 . . 1 . 1 1 . 1 . 3 . . . . 4 8 9 15 Pick Up 78 | 12 13 . 25 6 . . 1 3 . . . . . 1 . . 1 . . 2 . . 3 . 1 3 3 4 Fast Attach 41 | . 1 . 12 11 2 . 2 . . 4 . . . 2 . . 2 3 . . . . 1 . . 1 . . Attach 41 | 6 2 . 7 4 . . . 2 . . . . . 1 . . . 2 . 2 . . 2 . 2 2 4 5 Detach 5 | . 1 . . 1 . . . . . . . . . . . . . 1 . . . . . . . . . 2 Swap 43 | . 2 . 18 15 . . 2 . . 1 . . . 1 . . 2 . . . . . . . . 1 1 . Drop 93 | . 6 . 28 30 2 . 3 1 . 4 . . . 1 . . 5 3 . . . . 2 . . 2 3 3 Fire 252 | . 41 5 97 107 . . . . . . . . . . . . . 2 . . . . . . . . . . Melee 139 | . . . . . 1 . . 3 . 3 . . 9 1 2 2 1 1 12 4 7 3 6 4 7 32 24 17 Ram . | . . . . . . . . . . . . . . . . . . . . . . . . . . . . . Kick . | . . . . . . . . . . . . . . . . . . . . . . . . . . . . . Crush . | . . . . . . . . . . . . . . . . . . . . . . . . . . . . . Escape Stasis 25 | . . . . . . . . . . . . . . . . . . . . . . . . . . . . 25 Rewire 1 | . . . . . . . . . . . . . . . . . . . . . . 1 . . . . . . Trap . | . . . . . . . . . . . . . . . . . . . . . . . . . . . . . Miscellaneous . | . . . . . . . . . . . . . . . . . . . . . . . . . . . . . Route ------- -11/Scrapyard -10/Materials (discovered 4 exits: *Mat x2 / [*Min x2]) -10/Mines (discovered 3 exits: *Mat x2 / [*Sub]) -9/Materials (discovered 2 exits: *Mat / *Min) -8/Materials (discovered 2 exits: [*Fac] / *Sto) -8/Storage -8/Recycling -8/Scraptown (discovered 2 exits: [*Fac x2]) -6/Factory -6/Waste -6/Factory (discovered 6 exits: *Fac x2 / *Low x2 / Ext x2) -6/Lower Caves -6/Lower Caves -6/Data Miner -5/Proximity Caves -5/Factory (discovered 3 exits: *Fac / *Upp x2) -5/Upper Caves -5/Upper Caves (discovered 2 exits: *Fac / *War) -5/Warlord -4/Proximity Caves -4/Factory (discovered 4 exits: Res / *Upp x2 / Arm) -4/Upper Caves -4/Upper Caves -4/Zhirov -3/Proximity Caves -3/Research (discovered 2 exits: *Qua x2) -3/Quarantine -2/Research (discovered 2 exits: *Tes x2) -2/Testing (discovered 1 exit: *Acc) History --------- Turn | Location | Event 15 | -11/Scrapyard | Discovered new exit (range 16) 116 | -11/Scrapyard | Entered Materials 315 | -10/Materials | Build established: Mutant 430 | -10/Materials | Discovered new exit (range 8) 441 | -10/Materials | Discovered new exit (range 16) 538 | -10/Materials | Discovered new exit (range 16) 630 | -10/Materials | Discovered new exit (range 14) 768 | -10/Materials | Entered Mines 860 | -10/Mines | Discovered new exit (range 10) 1018 | -10/Mines | Learned location of 1 exit from Materials 1513 | -10/Mines | Discovered new exit (range 9) 1646 | -10/Mines | Discovered new exit (range 5) 1894 | -10/Mines | Entered Materials 1894 | -9/Materials | Evolved 2 slots: Propulsion x1, Utility x1 1895 | -9/Materials | Identified exit to Mines 3272 | -9/Materials | Build established: Scavenger-Mutant 3276 | -9/Materials | Discovered new exit (range 13) 3718 | -9/Materials | Entered another Materials area 3718 | -8/Materials | Evolved 2 slots: Propulsion x1, Utility x1 3719 | -8/Materials | Identified exit to Storage 4901 | -8/Materials | Discovered new exit (range 3) 5097 | -8/Materials | Destroyed 7 combat bots 5291 | -8/Materials | Build established: Hacker-Mutant 5452 | -8/Materials | Entered Storage 5529 | -8/Storage | Identified exit to Recycling 5560 | -8/Storage | Used back door to open Recycling access 5561 | -8/Storage | Entered Recycling 5604 | -8/Recycling | Scanned before Scraplab entrance 5608 | -8/Recycling | Entered Scraplab 5611 | -8/Recycling | Discovered new exit (range 2) 5611 | -8/Recycling | Entered Scraptown 5611 | -8/Scraptown | System corruption cleaned by C-Scrubber 5688 | -8/Scraptown | Discovered new exit (range 5) 5712 | -8/Scraptown | Visited The Evicted 5718 | -8/Scraptown | Visited Bundlers 5747 | -8/Scraptown | Build established: Hacker-Sprinter 5803 | -8/Scraptown | Visited IN-MT5's Study 5807 | -8/Scraptown | Visited Symbiants 5817 | -8/Scraptown | Visited Artisan Demo Area 5842 | -8/Scraptown | Visited Shadow of the Wyrm 5849 | -8/Scraptown | Visited Cyclists 5857 | -8/Scraptown | Visited UFD Registry 5858 | -8/Scraptown | Registered with UFD as "Armorframe" 5876 | -8/Scraptown | Visited Curators Association 5895 | -8/Scraptown | Visited Derelict Rescue Squad 5903 | -8/Scraptown | Visited Observation Area 5916 | -8/Scraptown | Visited Sword Containment 5925 | -8/Scraptown | Visited Analyses Database 5944 | -8/Scraptown | Visited Research Penetration Think Tank 5951 | -8/Scraptown | Visited Junk Repository 6004 | -8/Scraptown | Visited Science Testing Area 6040 | -8/Scraptown | Discovered new exit (range 5) 6075 | -8/Scraptown | Entered Cyclist Reading Room 6104 | -8/Scraptown | Entered Factory 6104 | -6/Factory | Evolved 4 slots: Propulsion x1, Utility x3 6149 | -6/Factory | Discovered new exit (range 9) 6194 | -6/Factory | Spotted B-75 Beast 6212 | -6/Factory | Manually triggered Chute Trap 6212 | -6/Factory | Sucked down chute 6212 | -6/Factory | Entered Waste 6214 | -6/Waste | Spotted C-40 Crusher 6220 | -6/Waste | Spotted C-40 Crusher 6222 | -6/Waste | Spotted C-40 Crusher 6225 | -6/Waste | Spotted C-40 Crusher 6225 | -6/Waste | Spotted C-40 Crusher 6225 | -6/Waste | Spotted C-40 Crusher 6227 | -6/Waste | EMP discharged 6236 | -6/Waste | Discovered new exit (range 16) 6240 | -6/Waste | Entered Factory 6247 | -6/Factory | Identified exit to Lower Caves 6247 | -6/Factory | Identified exit to Extension 6349 | -6/Factory | Discovered new exit (range 5) 6375 | -6/Factory | Discovered new exit (range 7) 6418 | -6/Factory | Entered Lower Caves 6435 | -6/Lower Caves | Encountered a Warlord checkpoint 6457 | -6/Lower Caves | Discovered new exit (range 15) 6461 | -6/Lower Caves | Identified exit to Lower Caves 6461 | -6/Lower Caves | Entered another Lower Caves area 6490 | -6/Lower Caves | Attracted the attention of an 0b10 checkpoint 6499 | -6/Lower Caves | Learned Factory emergency access door positions 6579 | -6/Lower Caves | Discovered new exit (range 8) 6581 | -6/Lower Caves | Identified exit to Data Miner 6581 | -6/Lower Caves | Entered Data Miner 6581 | -6/Data Miner | Discovered new exit (range 6) 6587 | -6/Data Miner | Met Data Miner 6594 | -6/Data Miner | Learned location of Section 7 (-3) 6594 | -6/Data Miner | Acquired the access code to Warlord's prototype stash 6597 | -6/Data Miner | Received God Mode back door access code from Data Miner 6606 | -6/Data Miner | Data Conduit disabled 6632 | -6/Data Miner | Identified exit to Proximity Caves 6632 | -6/Data Miner | Entered Proximity Caves 6645 | -5/Proximity Caves | Found Alien Artifact 6645 | -5/Proximity Caves | Identified Core Expander 6645 | -5/Proximity Caves | Installed Core Expander, added new Propulsion slot 6740 | -5/Proximity Caves | Learned Factory security intel 6758 | -5/Proximity Caves | Discovered new exit (range 14) 6763 | -5/Proximity Caves | Identified exit to Factory 6764 | -5/Proximity Caves | Entered Factory 6764 | -5/Factory | Evolved 2 slots: Weapon x2 6781 | -5/Factory | Discovered new exit (range 14) 6783 | -5/Factory | Identified exit to Upper Caves 6784 | -5/Factory | Identified exit to Factory 6877 | -5/Factory | Entered Upper Caves 6879 | -5/Upper Caves | Attracted the attention of an 0b10 checkpoint 6884 | -5/Upper Caves | Learned Factory emergency access door positions 7099 | -5/Upper Caves | Discovered new exit (range 5) 7100 | -5/Upper Caves | Identified exit to Upper Caves 7100 | -5/Upper Caves | Entered another Upper Caves area 7102 | -5/Upper Caves | Discovered exit to Factory (range 5) 7105 | -5/Upper Caves | Learned location of Armory (-4) 7137 | -5/Upper Caves | Encountered a Warlord checkpoint 7153 | -5/Upper Caves | Learned location of 1 exit from Factory 7183 | -5/Upper Caves | Found DCF Scrap (12 items) 7225 | -5/Upper Caves | Discovered new exit (range 4) 7226 | -5/Upper Caves | Identified exit to Warlord 7226 | -5/Upper Caves | Entered Warlord 7306 | -5/Warlord | Visited the Vortex Lab 7318 | -5/Warlord | Warlord's base attacked by MAIN.C 7336 | -5/Warlord | Rebuked by Warlord 7337 | -5/Warlord | Opened Warlord's prototype stash 7345 | -5/Warlord | Found Prototype Hackware 7345 | -5/Warlord | Identified System Mapper 7668 | -5/Warlord | Warlord forces counterattacked 7993 | -5/Warlord | Warlord base infiltrated, sounded retreat 8152 | -5/Warlord | Spotted Striker 8177 | -5/Warlord | Spotted Executioner 8179 | -5/Warlord | Spotted Executioner 8221 | -5/Warlord | Spotted Executioner 8224 | -5/Warlord | Discovered new exit (range 13) 8227 | -5/Warlord | Spotted Striker 8263 | -5/Warlord | Lost 16 allies 8276 | -5/Warlord | Identified exit to Proximity Caves 8281 | -5/Warlord | Entered Proximity Caves 8320 | -4/Proximity Caves | Spotted B-86 Titan 8420 | -4/Proximity Caves | Discovered exit to Factory (range 10) 8422 | -4/Proximity Caves | Entered Factory 8422 | -4/Factory | Evolved 2 slots: Utility x2 8423 | -4/Factory | Identified exit to Research 8432 | -4/Factory | Identified exit to Upper Caves 8432 | -4/Factory | Identified exit to Armory 8468 | -4/Factory | Entered Upper Caves 8482 | -4/Upper Caves | Encountered a Warlord checkpoint 8572 | -4/Upper Caves | Spotted B-86 Titan 8638 | -4/Upper Caves | Discovered new exit (range 13) 8641 | -4/Upper Caves | Identified exit to Upper Caves 8641 | -4/Upper Caves | Entered another Upper Caves area 8680 | -4/Upper Caves | Attacked by a delusional Derelict stockpiling Unaware 8700 | -4/Upper Caves | Learned Research machine intel 8729 | -4/Upper Caves | Build established: Wizard-Sprinter 8753 | -4/Upper Caves | Learned location of Testing (-2) 8761 | -4/Upper Caves | Discovered new exit (range 11) 8771 | -4/Upper Caves | Identified exit to Zhirov 8771 | -4/Upper Caves | Entered Zhirov 8771 | -4/Zhirov | Discovered new exit (range 3) 8776 | -4/Zhirov | Met Zhirov 8781 | -4/Zhirov | Learned location of Quarantine (-3) 8781 | -4/Zhirov | Learned location of Command (-1) 8783 | -4/Zhirov | Zhirov requested help retrieving the SGEMP Prototype 8789 | -4/Zhirov | Found Alien Artifact 8790 | -4/Zhirov | Identified Integrated Dissipator 8790 | -4/Zhirov | Installed Integrated Dissipator, increased core heat dissipation (+20) 8826 | -4/Zhirov | Identified exit to Proximity Caves 8827 | -4/Zhirov | Entered Proximity Caves 8881 | -3/Proximity Caves | Discovered exit to Research (range 13) 8892 | -3/Proximity Caves | Entered Research 8892 | -3/Research | Evolved 2 slots: Propulsion x1, Utility x1 8893 | -3/Research | Loaded intel: 127 machine locations 8907 | -3/Research | Identified exit to Quarantine 8943 | -3/Research | Spotted B-86 Titan 8988 | -3/Research | Entered Quarantine 8990 | -3/Quarantine | Identified exit to Research 9061 | -3/Quarantine | Found Alien Artifact 9138 | -3/Quarantine | Repaired Cld. Impulse Thruster 9233 | -3/Quarantine | Scanned by Researcher 9266 | -3/Quarantine | Entered Research 9266 | -2/Research | Evolved 2 slots: Propulsion x1, Utility x1 9271 | -2/Research | Identified exit to Testing 9392 | -2/Research | Found Prototype Device 9393 | -2/Research | Identified Exp. Thermal Defense Suite 9429 | -2/Research | Lost 4 parts (3n1u) 9457 | -2/Research | Entered Testing 9461 | -2/Testing | Identified exit to Access 9607 | -2/Testing | Local machine network offline 9634 | -2/Testing | Crushed by falling debris 9634 | -2/Testing | System corruption reached 10% 9637 | -2/Testing | Crushed by falling debris 9668 | -2/Testing | Lost 4 parts (2n2u) 9747 | -2/Testing | System corruption reached 30% 9750 | -2/Testing | Core integrity fell below 50% 9763 | -2/Testing | Core integrity fell below 20% 9765 | -2/Testing | Destroyed by P-80 Master with Gamma Rifle Last Messages --------------- Hacking Suite destroyed. Held in stasis. C-65 Expert is analyzing... P-80 Master resets C-65 Expert, system corruption cleaned. Held in stasis. C-65 Expert is analyzing... Held in stasis. C-65 Expert system terminally corrupted. Held in stasis. C-65 Expert is analyzing... Repair Station disabled. Backup Propulsion VII tumbles out of repair station. Backup Power VII tumbles out of repair station. P-80 Master resets P-80 Master, system corruption cleaned. Antimatter Diverter explodes. The unstable cave ceiling collapses. Core Analyzer destroyed. Map ----- +----------------------------------------------------+ | ?????????????????????????????????????????????????? | | ?????????????????????????????????????????????????? | | ?????????????????????????????????????????????????? | | ?????????????????????????????????????????????????? | | ?????????????????????????????????????????????????? | | ?????????????????????????????????????????????????? | | #########????????????????????????????????????????? | | #????????????????????????????????????????? | | "" #????????????????????????????????????????? | | """ #????????????????????????????????????????? | | "R #????????????????????????????????????????? | | """ #????????????????????????????????????????? | | """ ! #????????????????????????????????????????? | | #????????????????????????????????????????? | | #????????????????????????????????????????? | | [ #???????????##########???????????????????? | | ####+########???##### ###?????????????????? | | ! #???# % #?????????????????? | | """""" ! #???# #?????????????????? | | """""" ##### % x #?????????????????? | | """""" ! + # #?????????????????? | | # #?????????????????? | | ####/######## Ycg #?????????????????? | | c #?????????????????? | | gppp! #?????????????????? | | w YY x @ " #?????????????????? | | o # g* " " ##?????????????????? | | ####### ####/#### $""" ""##??????????????????? | | #?????# ## # R" ""#???????????????????? | | #?????# ## """ # """ "#???????????????????? | | ####?????# / """ # "" ###???????????????????? | | ?????????# ## """ # #?????????????????????? | | ?????????# ### """ ####+###?????????????????????? | | ?????????# #?# """ #??# #???????????????????????? | | ?????????# #?# #??# #???????????????????????? | | ?????????# #?# """ #### #???????????????????????? | | ?????????# #?# """ + #???????????????????????? | | #????????# #?# """ ######???????????????????????? | | ##???????# #?# """ #????????????????????????????? | | ##??????# #?#! """ #????????????????????????????? | | ####?????# #?# #????????????????????????????? | | ##########/#?########????????????????????????????? | | ### [ #?????????????????????????????????????? | | # "" #?????????????????????????????????????? | | # ! """ #?????????????????????????????????????? | | # S" #?????????????????????????????????????? | | + """ #?????????????????????????????????????? | | # """ #?????????????????????????????????????? | | # #?????????????????????????????????????? | | # #?????????????????????????????????????? | +----------------------------------------------------+ Best States ------------- Heat Dissipation 69 Energy Generation 25 Energy Capacity 350 Matter Stores 300 Matter Capacity 300 Sight Range 16 Robot Scan Range 16 Terrain Scan Density 10 Armor Coverage 300 Evasion (%) 66 Core Analysis 6 Recoil Reduction 4 Offensive Hacking 83 Item Schematics ----------------- Combat Drone Bay | -6/Data Miner | Free Lgt. Regenerative Plating | -6/Data Miner | Free Enh. Armored Leg | -6/Data Miner | Free Prc. Energy Filter | -6/Data Miner | Free Hvy. Proton Missile Launcher | -6/Data Miner | Free Impulse Thruster | -6/Data Miner | Free Adv. Power Amplifier | -6/Data Miner | Free Hvy. Disruptor Cannon | -6/Data Miner | Free Imp. Remote Datajack | -6/Data Miner | Free Imp. Point Defense System | -6/Data Miner | Free Hvy. Linear Accelerator | -6/Data Miner | Free Assault Drone Bay | -4/Zhirov | Free Exp. Heat Sink | -4/Zhirov | Free Exp. Optical Array | -4/Zhirov | Free Imp. Arc Thrower | -4/Zhirov | Free Exp. Energy Well | -3/Quarantine | Archive Exp. Terrain Scan Processor | -3/Quarantine | Archive Robot Schematics ------------------ E-15 Imp | -6/Data Miner | Free B-48 Gladiator | -6/Data Miner | Free S-27 Virus | -6/Data Miner | Free L-41 Fighter | -6/Data Miner | Free R-10 Processor | -6/Data Miner | Free W-44 Eye | -6/Data Miner | Free Fabricated ------------ Nothing Repaired ---------- Cld. Impulse Thruster | 17% | -3/Quarantine Alien Tech Used ----------------- Core Expander Integrated Dissipator Achievements -------------- None Challenges ------------ None Game ------ Seed FlightProtonExpander Manual? 0 Play Time 01:59:45 Cumulative 231.6 hours Start 2025.09.18 @ 10:56:24 End 2025.09.18 @ 12:58:33 Sessions 1 Manual Loads 0 Difficulty Rogue Special Mode None Game No. 202 Rogue 202 Adventurer 0 Explorer 0 Win Type - Total 13 Types 7/0/2/2/1/0/0/0/0/1 Lore% 93 Gallery% 86 Achievement% 75 Wizard Run 0 Options --------- Layout 1 ASCII 0 Keyboard 0 Movement Numpad Keybinds 0 Fullscreen 1 Font 24/Proggy Map View 50x35 Zoom Use 0% Tactical HUD 0 Map Filters NONE Filters NONE Steam 1 RUN: c68e63cb-afa6-46c2-b251-ee32bdf0fca1